 Dungeon Crawl Stone Soup version 0.27-a0-860-gaf99fae3ca (webtiles) character file.

Game seed: 7460289339449364641

4 jasper the Sneak (level 1, -1/18 HPs)
             Began as a Demonspawn Delver on Apr 1, 2021.
             Splashed by a jelly's acid (4 damage)
             ... on level 5 of the Dungeon.
             The game lasted 00:00:12 (27 turns).

jasper the Sneak (Demonspawn Delver)                  Turns: 27, Time: 00:00:13

Health: -1/18      AC:  3    Str: 12    XL:     1   Next: 50%
Magic:  1/1        EV: 11    Int: 11    God:
Gold:   10         SH:  0    Dex: 14    Spells: 0/0 levels left

rFire    . . .     SeeInvis .   a - +0 falchion
rCold    . . .     Faith    .   (no shield)
rNeg     . . .     Spirit   .   b - +0 leather armour
rPois    .         Reflect  .   (no helmet)
rElec    .         Harm     .   (no cloak)
rCorr    .         Rampage  .   (no gloves)
Will     .....                  (no boots)
Stlth    ++........             (no amulet)
HPRegen  0.06/turn              (no ring)
MPRegen  0.07/turn              (no ring)

@: hasted, very quick
A: no striking features
a: no special abilities


You were on level 5 of the Dungeon.
You visited 1 branch of the dungeon, and saw 1 of its levels.

You collected 10 gold pieces.

Inventory:

Hand Weapons
 a - a +0 falchion (weapon)
Armour
 b - a +0 leather armour (worn)
Wands
 g - a wand of digging (3)
Scrolls
 c - a scroll of fog
 d - a scroll of magic mapping
 e - a scroll of fear


   Skills:
 - Level 3.0 Fighting
 + Level 2.1 Long Blades
 - Level 1.7 Dodging
 - Level 4.5 Stealth


You couldn't memorise any spells.
You didn't know any spells.
Your spell library was empty.

Dungeon Overview and Level Annotations

Branches:
Dungeon (5/15)
 Temple: D:4-7

Altars:


Message History

The adder zombie barely misses you.
You riposte.
You closely miss the adder zombie. The adder zombie barely misses you.
The adder zombie barely misses you.
The adder zombie bites you but does no damage.
Found 9 gold pieces.
You feel yourself speed up. The adder zombie bites you.
You take 3 damage, and have 13/18 hp.
You barely miss the adder zombie. The adder zombie barely misses you.
You riposte.
You slash the adder zombie!
The adder zombie is heavily damaged.
You hit the adder zombie.
The adder zombie is heavily damaged.
You hit the adder zombie.
The adder zombie is heavily damaged.
The adder zombie closely misses you.
You closely miss the adder zombie.
The adder zombie is heavily damaged.
The adder zombie closely misses you.
You riposte.
You barely miss the adder zombie.
The adder zombie is heavily damaged.
You hit the adder zombie.
The adder zombie is almost destroyed.
The adder zombie bites you but does no damage.
You hit the adder zombie.
You destroy the adder zombie!
Your Long Blades skill increases to level 2!
You hit the jelly but do no damage.
Your hands burn!
The jelly closely misses you.
You take 3 damage, and have 10/18 hp.
You hit the jelly.
Your hands burn!
The jelly is moderately wounded.
The jelly misses you.
You take 4 damage, and have 6/18 hp.
MASSIVE DAMAGE!!
You hit the jelly.
Your hands burn!
* * * LOW HITPOINT WARNING * * *
The jelly is heavily wounded.
The jelly hits you but does no damage.
You take 3 damage, and have 3/18 hp.
You hit the jelly but do no damage.
Your hands burn!
You die...

#.. #.# #.## #.#
....... . ####..##.#
.$ ...
§§..≈P.#.###....
....#§§≈≈..#........
...§§§§≈≈≈.#@#
...§§.§§≈≈.#J##
....§P§§≈J....#
#.......≈...#.##
.....####...#..###
... ######>..# #
###..# #...# ####


You could see a jelly.

Vanquished Creatures
  An adder zombie (D:5)
1 creature vanquished.

Notes
Turn   | Place    | Note
-------+----------+-------------------------------------------
     0 | D:5      | jasper the Demonspawn Delver began the quest for the Orb.
     0 | D:5      | Reached XP level 1. HP: 18/18 MP: 1/1
     9 | D:5      | Noticed a jelly
    27 | D:5      | Splashed by a jelly's acid

Illustrated notes

Levels and vault maps discovered:
D:5:      layout_rooms, lemuel_tele_altar, serial_undead, serial_undead_b,
          serial_undead_c, serial_undead_d, serial_undead_f, serial_undead_c,
          serial_undead_a, corexii_corridor_pit

Skill      XL: |  1 |
---------------+----+-----
Long Blades    | 2 |  2.1
Fighting       | |  3.0
Dodging        | |  1.7
Stealth        | |  4.5

Action                   || total
-------------------------++-------
Melee: Falchion          ||    10
  Use: Potion            ||     1
Armor: Leather armour    ||     3
Dodge: Dodged            ||     8
       Rpst.: Falchion   ||     3

Table legend: (Time is in decaauts)
 A = Elapsed time spent in this place.
 B = Non-inter-level travel time spent in this place.
 C = Inter-level travel time spent in this place.
 D = Time resting spent in this place.
 E = Time spent auto-exploring this place.
 F = Levels seen in this place.
 G = Mean time per level.
                   A        B        C        D        E       F      G
               +--------+--------+--------+--------+--------+-----+--------+
         Total |     26 |     26 |      0 |      0 |      4 |   1 |   26.0 |
       Dungeon |     26 |     26 |      0 |      0 |      4 |   1 |   26.0 |
               +--------+--------+--------+--------+--------+-----+--------+

Top non-repeatable levels by time:
     D:5: 26 daAuts
